Map: Cosmic Sapphire

Players

sir - Winner!

  • Race: Zerg Zerg
  • Spawn Location: 11:00

VOD

Have the link to the VOD?

Description

Time

  • Played on: Oct. 14, 2022, 11:08 p.m.
  • Length: 8:12
Show
View Real Time Build Order
Export as new Build Order

sir Zerg - Winner!

Build Orders: Hatch First 

Get SALT Encoding   

  12  0:03  Drone  
  12  0:08  Drone  
  12  0:37  Hatchery  
  12  0:44  Drone  
  12  0:53  Spawning Pool  
  12  0:58  Extractor  
  12  0:59  Drone  
  12  1:08  Overlord  
  12  1:14  Drone  
  12  1:27  Drone x2  
  12  1:38  Drone  
  12  1:40  Queen  
  12  1:47  Drone  
  12  1:52  Drone  
  12  1:56  Queen  
  12  2:00  Extractor  
  12  2:02  Drone  
  12  2:08  Drone  
  12  2:11  Drone  
  12  2:22  Lair  
  12  2:30  Drone x2  
  12  2:32  Zergling x2  
  12  2:37  Extractor  
  12  2:40  Drone  
  12  2:42  Overlord  
  12  2:51  Overlord  
  12  3:00  Drone  
  12  3:01  Overlord  
  12  3:18  Hatchery  
  12  3:25  Drone  
  12  3:27  Queen  
  12  3:31  Drone  
  12  3:48  Hydralisk Den  
  12  3:49  Drone  
  12  3:50  Drone  
  12  3:53  Drone x2  
  12  3:54  Drone  
  12  4:00  Extractor  
  12  4:04  Queen  
  12  4:08  Drone  
  12  4:26  Drone x2  
  12  4:28  Drone  
  12  4:31  Muscular Augments  
  12  4:32  Hydralisk  
  12  4:33  Hydralisk  
  12  4:37  Hydralisk  
  12  4:48  Hydralisk x2  
  12  4:50  Drone  
  12  4:55  Drone x2  
  12  5:02  Drone  
  12  5:03  Drone x2  
  12  5:09  Drone  
  12  5:10  Overlord  
  12  5:23  Overlord  
  12  5:27  Overlord  
  12  5:29  Hydralisk x2  
  12  5:32  Hydralisk  
  12  5:36  Hydralisk  
  12  5:41  Overlord  
  12  5:47  Hydralisk x2  
  12  5:54  Hydralisk x2  
  12  6:01  Drone x2  
  12  6:05  Drone x3  
  12  6:06  Drone  
  12  6:07  Drone  
  12  6:08  Drone  
  12  6:13  Hydralisk x2  
  12  6:17  Hydralisk  
  12  6:22  Hydralisk  
  12  6:34  Overlord x3  
  12  6:53  Drone  
  12  6:56  Drone x2  
  12  6:58  Drone x6, Hydralisk  
  12  6:59  Hydralisk x5  
  12  7:04  Hydralisk  
  12  7:08  Overlord  
  12  7:20  Overlord  
  12  7:21  Overlord x3  
  12  7:32  Hydralisk x4  
  12  7:38  Overlord x3  
  12  7:42  Hydralisk x3  
  12  7:45  Hydralisk x2  
  12  7:48  Drone  
Tags
 
Add a new tag
Caveats
  • Supply blocks, unpowered buildings, or Contaminate may cause inaccurate times.
  • Supply counts are checked every 10 seconds.